 Dungeon Crawl Stone Soup version 0.30-a0-1085-g990a428a5c (webtiles) character file.

Game seed: 3785517306089105878

1301 avis the Cleaver (level 8, -1/66 HPs)
             Began as a Hill Orc Monk on Apr 16, 2023.
             Was a Believer of Beogh.
             Slain by a gnoll sergeant
             ... wielding a +0 trident
              (10 damage)
             ... on level 4 of the Dungeon.
             The game lasted 00:20:29 (4031 turns).

avis the Cleaver (Hill Orc Monk)                    Turns: 4031, Time: 00:20:32

Health: -1/66      AC: 11    Str: 16    XL:     8   Next: 57%
Magic:  11/11      EV:  7    Int: 10    God:    Beogh [**....]
Gold:   188        SH:  0    Dex: 13    Spells: 7/7 levels left

rFire   . . .      SeeInvis .    a - +0 war axe
rCold   . . .      Faith    .    d - orb {light}
rNeg    . . .      Spirit   .    G - +1 chain mail {Will+}
rPois   .          Reflect  .    k - +0 helmet
rElec   .          Rampage  .    H - scarf {+Inv}
rCorr   .                        (no gloves)
Will    +....                    Q - +0 pair of boots Stlth
                                 (no amulet)
HPRegen 0.31/turn                (no ring)
MPRegen 0.12/turn                (no ring)

@: confused, ambrosia-drunk, glowing
A: no striking features
a: Renounce Religion, Evoke Invisibility, Smiting


You were on level 4 of the Dungeon.
You worshipped Beogh.
Beogh was pleased with you.
You visited 1 branch of the dungeon, and saw 5 of its levels.

You collected 188 gold pieces.

Inventory:

Hand Weapons
 a - a +0 war axe (weapon)
 f - a +0 spear
 i - a +0 sling
 j - a +0 trident
 y - a +0 spear
 z - a +0 hand axe
 N - a +2 short sword of freezing
 S - a +0 sling
 V - a +1 whip of flaming
 Y - a +0 shortbow
Missiles
 m - 3 javelins (quivered)
 o - 38 stones
 P - 2 boomerangs
Armour
 b - a +0 robe
 d - an orb of light (worn)
 e - a +0 cloak
 k - a +0 helmet (worn)
 D - an orb of mayhem
 F - a +0 chain mail
 G - a +1 chain mail of willpower (worn)
 H - a scarf of invisibility (worn)
 J - an orb of energy
 Q - a +0 pair of boots (worn)
Magical Staves
 B - a staff of air
Jewellery
 p - a +6 ring of intelligence
 X - an amulet of regeneration
Wands
 E - a wand of iceblast (8)
Scrolls
 h - 2 scrolls of fog {unknown}
 n - 7 scrolls of identify {unknown}
 t - a scroll of amnesia {unknown}
 u - 3 scrolls of magic mapping {unknown}
 v - a scroll of acquirement {unknown}
 w - 2 scrolls of noise {unknown}
 A - a scroll of silence {unknown}
 M - a scroll of vulnerability {unknown}
 O - 2 scrolls of teleportation {unknown}
 R - a scroll of brand weapon {unknown}
 W - a scroll of torment {unknown}
 Z - a scroll of enchant weapon {unknown}
Potions
 c - a potion of ambrosia
 g - 2 potions of might {unknown}
 l - 5 potions of flight {unknown}
 q - a potion of berserk rage {unknown}
 r - 2 potions of lignification {unknown}
 s - a potion of cancellation {unknown}
 x - a potion of degeneration {unknown}
 C - 2 potions of heal wounds {unknown}
 I - a potion of attraction {unknown}
 K - 2 potions of curing {unknown}
 L - 2 potions of mutation {unknown}
 T - a potion of haste {unknown}
 U - a potion of magic {unknown}


   Skills:
 - Level 4.0 Fighting
 * Level 12.5 Axes
 - Level 2.4 Dodging
 - Level 5.0 Invocations


You had 7 spell levels left.
You didn't know any spells.
Your spell library contained the following spells:

 Spells                   Type           Power      Damage    Failure   Level
 Apportation              Tloc           0%         N/A       99%         1
 Magic Dart               Conj           0%         1d3       99%         1
 Necrotise                Necr           0%         1d4       99%         1
 Summon Small Mammal      Summ           0%         N/A       99%         1
 Searing Ray              Conj           0%         2d4       100%        2
 Fulminant Prism          Conj/Hex       0%         3d5       100%        4


Dungeon Overview and Level Annotations

Branches:
Dungeon (5/15)
 Temple: D:4-7

Altars:
Sif Muna
Trog
Uskayaw
Wu Jian

Annotations:
D:3 weapons behind lava.


Message History

There is a stone staircase leading down here.
You start resting.
HP restored.
You climb downwards.
The gnoll sergeant barely misses you.
There is a stone staircase leading up here.
The gnoll sergeant hits you with a +0 trident!
There is a stone staircase leading up here.
The gnoll hits you with a +0 halberd. The gnoll hits you but does no damage.
The gnoll sergeant hits you with a +0 trident!
You climb upwards.
There is a stone staircase leading down here.
You hit the gnoll sergeant but do no damage.
You barely miss the gnoll. The gnoll barely misses you.
The gnoll hits you but does no damage.
The gnoll sergeant hits you but does no damage.
You slash the gnoll sergeant!
The gnoll sergeant is heavily wounded.
You hit the gnoll.
The gnoll hits you from afar with a +0 halberd.
The gnoll hits you but does no damage. The gnoll sergeant closely misses you.
You barely miss the gnoll sergeant.
The gnoll sergeant is heavily wounded.
You hit the gnoll. The gnoll closely misses you.
The gnoll hits you with a +0 club.
The gnoll sergeant hits you with a +0 trident!
You hit the gnoll sergeant but do no damage.
The gnoll sergeant is heavily wounded.
You hit the gnoll.
The gnoll hits you from afar with a +0 halberd.
The gnoll hits you with a +0 club.
* * * LOW HITPOINT WARNING * * *
The gnoll sergeant barely misses you.
You are confused.
You feel invigorated.
The gnoll hits you from afar with a +0 halberd.
* * * LOW HITPOINT WARNING * * *
The gnoll hits you with a +0 club.
* * * LOW HITPOINT WARNING * * *
The gnoll sergeant hits you with a +0 trident!
You die...

#.##.##.................#
#.##.##.#########.......#
#.......# #.##.##.#
#####.#### #.##.##.#
.......# ####### #.##.##.#
...#.#.# #.....###.##.##.#
...#.#.###.....#.g....##.#
...............#g#.......#
._.#.#.###.....#@#..>.####
.....#.# #.....#g#.##.#
.......# #######.#.##.#
###.#### #.)))..# ##...##
###.#### #.....##
#########.# #.o....#
#......##.# #......#
#<####.##.#
.......###.##......#


You could see a gnoll sergeant and 2 gnolls.

Vanquished Creatures
  Pikel (D:4)
  2 black bears
  A centaur (D:5)
  2 ogres
  2 scorpions
  2 hounds (D:5)
  2 orc wizards
  5 adders
  3 gnolls (D:5)
  A white imp (D:5)
  An ufetubus (D:4)
  2 worms (D:2)
  2 dart slugs
  14 orcs
  8 endoplasms
  3 giant cockroaches
  11 goblins
  5 hobgoblins
  6 jackals (D:1)
  7 kobolds
  2 quokkas (D:4)
  7 ball pythons
  5 bats
  3 frilled lizards
  8 rats
105 creatures vanquished.

Notes
Turn   | Place    | Note
-------+----------+-------------------------------------------
     0 | D:1      | avis the Hill Orc Monk began the quest for the Orb.
     0 | D:1      | Reached XP level 1. HP: 19/19 MP: 1/1
    78 | D:1      | Reached XP level 2. HP: 19/26 MP: 2/2
   146 | D:1      | Reached skill level 5 in Axes
   339 | D:1      | Reached XP level 3. HP: 31/31 MP: 3/3
   759 | D:2      | You fall into a shaft and drop 1 floor!
   836 | D:2      | Reached skill level 6 in Axes
   871 | D:1      | Reached XP level 4. HP: 35/39 MP: 4/4
  1212 | D:2      | Reached skill level 7 in Axes
  1362 | D:2      | Reached XP level 5. HP: 44/45 MP: 5/5
  1819 | D:3      | Found a shimmering blue altar of Sif Muna.
  2161 | D:3      | Found an ornate altar of the Wu Jian Council.
  2292 | D:4      | Became a worshipper of Beogh the Brigand
  2292 | D:4      | Reached * piety under Beogh
  2292 | D:4      | Reached ** piety under Beogh
  2516 | D:4      | Found a hide-covered altar of Uskayaw.
  2550 | D:4      | Reached skill level 8 in Axes
  2619 | D:4      | Reached XP level 6. HP: 49/52 MP: 6/6
  2645 | D:4      | Noticed Pikel
  2661 | D:4      | Killed Pikel
  2662 | D:4      | Reached skill level 10 in Axes
  2662 | D:4      | Reached XP level 7. HP: 14/59 MP: 6/9
  2921 | D:4      | Found a bloodstained altar of Trog.
  2948 | D:4      | Reached XP level 8. HP: 48/66 MP: 11/11
  3432 | D:5      | Entered Level 5 of the Dungeon
  3481 | D:4      | Reached skill level 11 in Axes
  3633 | D:5      | Reached skill level 5 in Invocations
  3822 | D:5      | Reached skill level 12 in Axes
  4031 | D:4      | Slain by a gnoll sergeant

Illustrated notes

Levels and vault maps discovered:
D:1:      minmay_arrival_three_doors, layout_loops_ring
D:2:      minmay_chambers_of_ones, layout_rooms
D:3:      layout_loops_cross, lemuel_round_altar, nicolae_wu_jian_glorious_leap
D:4:      layout_loops_cross, mainiacjoe_overflow_tiny_flanked,
          mainiacjoe_overflow_small_starburst, minmay_unequal, uniq_pikel
D:5:      layout_rooms

Skill      XL: |  1  2  3  4  5  6  7  8 |
---------------+-------------------------+-----
Axes           | 5 6 7 8 10 12 | 12.5
Fighting       | 4 |  4.0
Invocations    | 3 4 5 |  5.0
Dodging        | |  2.4

Action                     |  1- 3 |  4- 6 |  7- 9 || total
---------------------------+-------+-------+-------++-------
  Melee: Hand axe          |    98 |     2 |       ||   100
         War axe           |       |   100 |    87 ||   187
 Invoke: Convert to Beogh  |       |     1 |       ||     1
    Use: Potion            |       |       |     1 ||     1
 Armour: Robe              |    26 |     7 |       ||    33
         Chain mail        |       |    32 |    70 ||   102
  Dodge: Dodged            |    67 |    32 |    47 ||   146

Table legend: (Time is in decaauts)
 A = Elapsed time spent in this place.
 B = Non-inter-level travel time spent in this place.
 C = Inter-level travel time spent in this place.
 D = Time resting spent in this place.
 E = Time spent auto-exploring this place.
 F = Levels seen in this place.
 G = Mean time per level.
                   A        B        C        D        E       F      G
               +--------+--------+--------+--------+--------+-----+--------+
         Total |   4046 |   3556 |    490 |    592 |   1617 |   5 |  809.2 |
       Dungeon |   4046 |   3556 |    490 |    592 |   1617 |   5 |  809.2 |
               +--------+--------+--------+--------+--------+-----+--------+

Top non-repeatable levels by time:
     D:4: 1335 daAuts
     D:3: 850 daAuts
     D:1: 808 daAuts
     D:2: 775 daAuts
     D:5: 277 daAuts
